[Event "48th Ciutat de Badalona Open 2024"]
[Site "Badalona"]
[Date "2024.08.02"]
[Round "1.1"]
[White "Diaz Perez, Michel Alejandro"]
[Black "Midilesh MS"]
[Result "1-0"]
[ECO "E12"]
[WhiteElo "2487"]
[BlackElo "2052"]
[Annotator "RC"]
[PlyCount "115"]
[EventDate "2024.07.29"]
[EventCountry "ESP"]
[SourceTitle "playchess.com"]
[Source "ChessBase"]
[SourceQuality "1"]
[TimeControl "5400+30"]

1. d4 Nf6 2. c4 e6 3. a3 b6 4. Nc3 d5 5. Bg5 Be7 6. Nf3 O-O 7. Bxf6 Bxf6 8. cxd5 exd5 9. g3 Re8 10. Bg2 c6 11. O-O Bf5 12. Qa4 b5 13. Qd1 Nd7 14. e3 Nb6 15. Re1 Nc4 16. Qc1 a5 17. b3 Nb6 18. a4 b4 19. Ne2 Rc8 20. Ra2 Nd7 21. Qd1 g5 22. h3 Be4 23. Nd2 Bxg2 24. Kxg2 c5 25. dxc5 Nxc5 26. Nf3 Ne4 27. Rc2 Qd7 28. Rxc8 Rxc8 29. Qd3 Qxh3+ 30. Kxh3 Nxf2+ 31. Kg2 Nxd3 32. Rd1 Rc2 33. Kf1 Nc5 34. Ne1 Rb2 35. Nd3 Nxd3 36. Rxd3 Bc3 37. Rxd5 Rxb3 38. Rxg5+ Kf8 39. Rxa5 Rb1+ 40. Kg2 Bd2 41. Nd4 b3 42. Rb5 b2 43. Nf5 f6 44. Rb8+ Kf7 45. Rb7+ Kf8 46. Rb8+ Kf7 47. Rb7+ Kf8 48. Rb8+ Kf7 49. Rb7+ Ke6 50. e4 Bb4 51. Rxb4 Re1 52. Nd4+ Kd6 53. Nb5+ Kc5 54. Rxb2 Rxe4 55. Nc3 Re3 56. Rb5+ Kd6 57. Nd5 Ra3 58. Nxf6 1-0

[Event "48th Ciutat de Badalona Open 2024"]
[Site "Badalona"]
[Date "2024.08.02"]
[Round "1.2"]
[White "Herman Gamazo, Isaac"]
[Black "Berdayes Ason, Dylan Isidro"]
[Result "0-1"]
[ECO "B46"]
[WhiteElo "2051"]
[BlackElo "2476"]
[Annotator "RC"]
[PlyCount "62"]
[EventDate "2024.07.29"]
[EventCountry "ESP"]
[SourceTitle "playchess.com"]
[Source "ChessBase"]
[SourceQuality "1"]
[TimeControl "5400+30"]

1. e4 c5 2. Nf3 e6 3. d4 cxd4 4. Nxd4 Nc6 5. Nc3 a6 6. Nxc6 bxc6 7. Bd3 Qc7 8. O-O Nf6 9. f4 d5 10. Be3 Be7 11. Bd4 Bb7 12. Qe2 g6 13. Rae1 Rg8 14. exd5 cxd5 15. f5 gxf5 16. Bxf5 exf5 17. Bxf6 Qb6+ 18. Kh1 Qxf6 19. Rxf5 Qd6 20. Re5 O-O-O 21. Rxe7 d4 22. Rxb7 Kxb7 23. Ne4 Qc6 24. b4 Ka8 25. Qf3 Rge8 26. b5 axb5 27. Qa3+ Kb8 28. Qg3+ Ka7 29. Qf3 Rd7 30. a4 b4 31. Qf5 Qd5 0-1

[Event "48th Ciutat de Badalona Open 2024"]
[Site "Badalona"]
[Date "2024.08.02"]
[Round "1.3"]
[White "Vitier Vazquez, Cristian"]
[Black "Santos Izquierdo, Daniel"]
[Result "1-0"]
[ECO "E62"]
[WhiteElo "2357"]
[BlackElo "2036"]
[Annotator "RC"]
[PlyCount "53"]
[EventDate "2024.07.29"]
[EventCountry "ESP"]
[SourceTitle "playchess.com"]
[Source "ChessBase"]
[SourceQuality "1"]
[TimeControl "5400+30"]

1. d4 d6 2. c4 Nf6 3. Nf3 g6 4. g3 Bg7 5. Bg2 O-O 6. Nc3 Bg4 7. h3 Bxf3 8. Bxf3 Nc6 9. e3 e5 10. d5 Ne7 11. e4 a5 12. h4 c6 13. Be3 cxd5 14. cxd5 Nd7 15. h5 Nc5 16. Qd2 f5 17. hxg6 hxg6 18. Bxc5 dxc5 19. d6 Nc6 20. exf5 Rxf5 21. Bd5+ Kf8 22. Bxc6 bxc6 23. Ne4 Qb6 24. O-O-O c4 25. d7 Rd8 26. Qd6+ Kf7 27. g4 1-0

[Event "48th Ciutat de Badalona Open 2024"]
[Site "Badalona"]
[Date "2024.08.02"]
[Round "1.4"]
[White "Gardela Batlle, Jordi"]
[Black "Utsab Chatterjee"]
[Result "0-1"]
[ECO "D36"]
[WhiteElo "2027"]
[BlackElo "2289"]
[Annotator "ChessBase"]
[PlyCount "86"]
[EventDate "2024.07.29"]
[EventCountry "ESP"]
[SourceTitle "playchess.com"]
[Source "ChessBase"]
[SourceQuality "1"]
[TimeControl "5400+30"]

1. d4 d5 2. c4 e6 3. cxd5 exd5 4. Nc3 Nf6 5. Bg5 Be7 6. e3 c6 7. Bd3 Nbd7 8. Nge2 O-O 9. O-O Re8 10. Qc2 Nf8 11. Rab1 g6 12. b4 a6 13. a4 Ne6 14. Bh4 Nh5 15. Bxe7 Rxe7 16. b5 axb5 17. axb5 c5 18. dxc5 Nxc5 19. Nd4 Ng7 20. Ra1 Rb8 21. Rfd1 Bg4 22. Be2 Bxe2 23. Ndxe2 Rd7 24. Qa2 Nge6 25. Nxd5 Nc7 26. Ndc3 Nxb5 27. Rxd7 Qxd7 28. Nxb5 Qxb5 29. Nd4 Qd7 30. Qa7 Rc8 31. Qb6 Ne4 32. g3 Qd5 33. Qb5 Qxb5 34. Nxb5 Rc2 35. Rf1 Rb2 36. Nd4 b5 37. f3 Nd2 38. Rf2 Rb1+ 39. Kg2 Nc4 40. e4 b4 41. Ra2 b3 42. Ra4 Ne3+ 43. Kh3 b2 0-1

[Event "48th Ciutat de Badalona Open 2024"]
[Site "Badalona"]
[Date "2024.08.02"]
[Round "1.5"]
[White "Pawar, Harshit"]
[Black "Sudarshan Bhat"]
[Result "1-0"]
[ECO "B23"]
[WhiteElo "2284"]
[BlackElo "2025"]
[Annotator "ChessBase"]
[PlyCount "71"]
[EventDate "2024.07.29"]
[EventCountry "ESP"]
[SourceTitle "playchess.com"]
[Source "ChessBase"]
[SourceQuality "1"]
[TimeControl "5400+30"]

1. e4 c5 2. Nc3 Nc6 3. Bb5 Nd4 4. Bc4 e6 5. Nge2 Nf6 6. O-O a6 7. a4 Qc7 8. d3 b6 9. Ba2 Nc6 10. f4 Bb7 11. Ng3 h5 12. Nh1 Nb4 13. Bb1 O-O-O 14. Nf2 d5 15. e5 d4 16. Na2 Qc6 17. Qf3 Qxa4 18. Qh3 Nxc2 19. Bxc2 Qxc2 20. exf6 gxf6 21. b4 Rg8 22. g3 c4 23. Qxh5 cxd3 24. Ba3 Kb8 25. Rfd1 Qc6 26. Qh3 Rh8 27. Qf1 Rd5 28. b5 Rxb5 29. Bxf8 Rb2 30. Nb4 Qf3 31. Rxd3 Qh5 32. Bd6+ Ka7 33. h3 a5 34. Qc1 Qe2 35. Rxa5+ bxa5 36. Qc5+ 1-0

[Event "48th Ciutat de Badalona Open 2024"]
[Site "Badalona"]
[Date "2024.08.02"]
[Round "1.6"]
[White "De Lomas Busquets, Alba"]
[Black "Chavez Suarez, Carlos Alberto"]
[Result "0-1"]
[ECO "B08"]
[WhiteElo "2023"]
[BlackElo "2279"]
[Annotator "ChessBase"]
[PlyCount "130"]
[EventDate "2024.07.29"]
[EventCountry "ESP"]
[SourceTitle "playchess.com"]
[Source "ChessBase"]
[SourceQuality "1"]
[TimeControl "5400+30"]

1. d4 Nf6 2. Nf3 g6 3. Nc3 Bg7 4. e4 d6 5. Be3 c6 6. Qd2 b5 7. Bd3 Nbd7 8. h3 O-O 9. Bh6 e5 10. Bxg7 Kxg7 11. Ne2 Re8 12. dxe5 Nxe5 13. Nxe5 Rxe5 14. O-O Qb6 15. Ng3 c5 16. c4 bxc4 17. Bxc4 Rb8 18. b3 Nxe4 19. Nxe4 Rxe4 20. Rad1 Rd4 21. Qb2 Be6 22. Rxd4 cxd4 23. Qe2 Qc5 24. Rd1 Bxc4 25. Qxc4 Rb4 26. Qd3 Qb6 27. Rb1 a5 28. a3 Rb5 29. Kf1 Kg8 30. Rd1 Rxb3 31. Qxd4 Rb1 32. Qxb6 Rxb6 33. Rd5 Ra6 34. Ke2 Kf8 35. Kd3 Ke7 36. Kd4 a4 37. Rb5 Rc6 38. Kd3 Ra6 39. Kd4 Ke6 40. g4 Rc6 41. f4 Rc2 42. f5+ Kf6 43. Ra5 Rh2 44. fxg6 hxg6 45. g5+ Ke6 46. Rxa4 Rxh3 47. Ra5 Rg3 48. Ke4 Rg4+ 49. Kf3 Rc4 50. Ra8 Kf5 51. Ra5+ Ke6 52. Ra8 d5 53. a4 Kf5 54. Rd8 Kxg5 55. Rxd5+ f5 56. a5 Rc3+ 57. Kf2 Ra3 58. Kg2 Kg4 59. Rd6 Ra2+ 60. Kf1 g5 61. Ra6 f4 62. Ra8 Kg3 63. a6 f3 64. Re8 Rxa6 65. Re1 Rh6 0-1

[Event "48th Ciutat de Badalona Open 2024"]
[Site "Badalona"]
[Date "2024.08.02"]
[Round "1.7"]
[White "Nagare Kaivalya Sandip"]
[Black "Espanol Echevarria, Manel"]
[Result "1-0"]
[ECO "C78"]
[WhiteElo "2273"]
[BlackElo "2023"]
[Annotator "ChessBase"]
[PlyCount "25"]
[EventDate "2024.07.29"]
[EventCountry "ESP"]
[SourceTitle "playchess.com"]
[Source "ChessBase"]
[SourceQuality "1"]
[TimeControl "5400+30"]

1. e4 e5 2. Nf3 Nc6 3. Bb5 a6 4. Ba4 Nf6 5. O-O b5 6. Bb3 Bc5 7. c3 d6 8. d4 Bb6 9. a4 Rb8 10. a5 Ba7 11. h3 O-O 12. Be3 Nxe4 13. Bd5 1-0

[Event "48th Ciutat de Badalona Open 2024"]
[Site "Badalona"]
[Date "2024.08.02"]
[Round "1.8"]
[White "Martinez Talavera, Jordi"]
[Black "Blasco Coll, Andreu"]
[Result "0-1"]
[ECO "D02"]
[WhiteElo "2019"]
[BlackElo "2260"]
[Annotator "ChessBase"]
[PlyCount "70"]
[EventDate "2024.07.29"]
[EventCountry "ESP"]
[SourceTitle "playchess.com"]
[Source "ChessBase"]
[SourceQuality "1"]
[TimeControl "5400+30"]

1. d4 Nf6 2. Bf4 d5 3. e3 c5 4. c3 Nc6 5. Nf3 e6 6. Nbd2 cxd4 7. exd4 Nh5 8. Be3 Bd6 9. Ne5 g6 10. Nxc6 bxc6 11. c4 O-O 12. Be2 Nf4 13. Bxf4 Bxf4 14. O-O Qb6 15. Nb3 a5 16. Rb1 Rd8 17. g3 dxc4 18. Bxc4 Bh6 19. Qg4 Bg7 20. Rfd1 a4 21. Nc5 e5 22. Qg5 Bf5 23. Rbc1 exd4 24. g4 Bc8 25. Qe7 Ra7 26. Qe2 Bf8 27. Ne4 Bg7 28. b3 Re7 29. Qf3 Be6 30. bxa4 Qb4 31. Bb3 d3 32. Bxe6 Rxe6 33. Ng5 Rf6 34. Qe3 d2 35. Rc2 Qxg4+ 0-1

[Event "48th Ciutat de Badalona Open 2024"]
[Site "Badalona"]
[Date "2024.08.02"]
[Round "1.9"]
[White "Perez Llinares, Luis"]
[Black "Cabrera Marmol, Manuel"]
[Result "1-0"]
[ECO "D00"]
[WhiteElo "1902"]
[BlackElo "1701"]
[Annotator "ChessBase"]
[PlyCount "83"]
[EventDate "2024.07.29"]
[EventCountry "ESP"]
[SourceTitle "playchess.com"]
[Source "ChessBase"]
[SourceQuality "1"]
[TimeControl "5400+30"]

1. d4 d5 2. Bf4 Bg4 3. h3 Bh5 4. g4 Bg6 5. Nc3 e6 6. e3 Bd6 7. Nge2 Nf6 8. Bg2 c6 9. Bxd6 Qxd6 10. Nf4 Na6 11. a3 e5 12. Nxg6 hxg6 13. Qe2 O-O-O 14. O-O-O Rhe8 15. Qd2 Kb8 16. Bf3 g5 17. Be2 Nc7 18. Na4 Nd7 19. Qa5 e4 20. c4 dxc4 21. Qxg5 Ne6 22. Qf5 b5 23. Nc3 Qe7 24. Qxe4 Qd6 25. Qf5 b4 26. axb4 Qxb4 27. d5 cxd5 28. Rxd5 Ndc5 29. Rhd1 Nb3+ 30. Kc2 Rxd5 31. Qxd5 Rc8 32. Qb5+ Qxb5 33. Nxb5 a6 34. Nd6 Rh8 35. Bxc4 Na5 36. Bxa6 Rxh3 37. Nxf7 Rf3 38. Ne5 Rxf2+ 39. Rd2 Rf1 40. b4 Ra1 41. bxa5 Rxa5 42. Nc6+ 1-0

[Event "48th Ciutat de Badalona Open 2024"]
[Site "Badalona"]
[Date "2024.08.02"]
[Round "1.10"]
[White "Romero Funieles, Rafael"]
[Black "Daimiel Bescos, Eleuterio"]
[Result "0-1"]
[ECO "C27"]
[WhiteElo "1683"]
[BlackElo "1895"]
[Annotator "NA"]
[PlyCount "54"]
[EventDate "2024.07.29"]
[EventCountry "ESP"]
[SourceTitle "playchess.com"]
[Source "ChessBase"]
[SourceQuality "1"]
[TimeControl "5400+30"]

1. e4 e5 2. Bc4 Nf6 3. Nc3 Bc5 4. Nf3 d6 5. O-O Be6 6. Bxe6 fxe6 7. d3 O-O 8. Bg5 Qe8 9. b3 a6 10. Na4 Ba7 11. c4 Nc6 12. a3 Qh5 13. Bh4 Rf7 14. b4 Raf8 15. Bg3 Nd4 16. Nxd4 Bxd4 17. Rb1 Qxd1 18. Rfxd1 b5 19. cxb5 axb5 20. Nb2 Nh5 21. Rf1 Nxg3 22. hxg3 Rxf2 23. Rxf2 Rxf2 24. Kh2 Rxb2 25. Rc1 c5 26. bxc5 dxc5 27. Rc2 Rxc2 0-1

[Event "48th Ciutat de Badalona Open 2024"]
[Site "Badalona"]
[Date "2024.08.03"]
[Round "2.1"]
[White "Vedant Nitin vekhande"]
[Black "Diaz Perez, Michel Alejandro"]
[Result "1/2-1/2"]
[ECO "B92"]
[WhiteElo "2161"]
[BlackElo "2487"]
[Annotator "RC"]
[PlyCount "245"]
[EventDate "2024.07.29"]
[EventCountry "ESP"]
[SourceTitle "playchess.com"]
[Source "ChessBase"]
[SourceQuality "1"]
[TimeControl "5400+30"]

1. e4 c5 2. Nf3 d6 3. d4 cxd4 4. Nxd4 Nf6 5. Nc3 a6 6. Be2 e5 7. Nb3 Be7 8. O-O O-O 9. Kh1 b6 10. f3 Bb7 11. Be3 Nbd7 12. Qe1 b5 13. Rd1 Qc7 14. a3 h6 15. Qf2 Rfc8 16. Rd2 Bc6 17. Nc1 Rab8 18. N1a2 a5 19. b4 a4 20. Rfd1 Nf8 21. Qf1 Qb7 22. Nd5 Bxd5 23. exd5 e4 24. f4 Ng6 25. g3 Bd8 26. c4 bxc4 27. Nc3 Bb6 28. Qg1 Bxe3 29. Qxe3 Re8 30. Rd4 Ne7 31. g4 Rbc8 32. h3 Ng6 33. Bxc4 Qe7 34. Bb5 Nxg4 35. hxg4 Qh4+ 36. Kg1 Qxg4+ 37. Kf1 Nxf4 38. Bc6 Qg2+ 39. Ke1 Nd3+ 40. R1xd3 exd3 41. Bxe8 Rxc3 42. Bxf7+ Kh7 43. Qe4+ Qxe4+ 44. Rxe4 Rxa3 45. Re6 g5 46. Kd2 Rb3 47. Bg6+ Kg7 48. Bxd3 Rxb4 49. Rg6+ Kf7 50. Rxd6 h5 51. Bg6+ Ke7 52. Re6+ Kd7 53. Bxh5 Rd4+ 54. Ke3 Rxd5 55. Bg4 Kc7 56. Ra6 Re5+ 57. Kf3 Rc5 58. Rxa4 Kd6 59. Bh5 Rf5+ 60. Kg3 Ke7 61. Ra7+ Kd6 62. Ra6+ Kc7 63. Kg4 Rc5 64. Bg6 Rc6 65. Ra7+ Kb6 66. Rg7 Rc7 67. Rg8 Rc5 68. Bf5 Rc1 69. Rb8+ Ka7 70. Rb3 Rg1+ 71. Kh5 Rg2 72. Bg4 Rc2 73. Kxg5 Rc6 74. Kf5 Rb6 75. Rc3 Rb5+ 76. Ke6 Kb6 77. Kd6 Rb4 78. Be6 Rb5 79. Bd5 Rb4 80. Rc8 Rb5 81. Rc6+ Ka5 82. Rc2 Kb6 83. Rc1 Rb4 84. Rc8 Rb5 85. Bc6 Rb4 86. Kd5 Ka5 87. Re8 Kb6 88. Ra8 Rh4 89. Rb8+ Kc7 90. Rb7+ Kd8 91. Rd7+ Kc8 92. Rg7 Rh2 93. Kc5 Kd8 94. Bd5 Rh6 95. Kd4 Rd6 96. Rg8+ Ke7 97. Ke5 Re6+ 98. Kd4 Rd6 99. Rg7+ Kd8 100. Kc5 Rd7 101. Rg4 Kc7 102. Ra4 Re7 103. Ra8 Rd7 104. Bc6 Re7 105. Rh8 Re5+ 106. Bd5 Re7 107. Rf8 Rd7 108. Be6 Re7 109. Bd5 Rd7 110. Rf6 Re7 111. Rb6 Rd7 112. Bc6 Re7 113. Rb7+ Kd8 114. Rb1 Kc7 115. Bd5 Rd7 116. Ra1 Re7 117. Ra6 Rd7 118. Be6 Re7 119. Rc6+ Kb7 120. Kb5 Kb8 121. Bc4 Rb7+ 122. Ka5 Rc7 123. Rb6+ 1/2-1/2

[Event "48th Ciutat de Badalona Open 2024"]
[Site "Badalona"]
[Date "2024.08.03"]
[Round "2.2"]
[White "Berdayes Ason, Dylan Isidro"]
[Black "Campins Machado, Francesc"]
[Result "1-0"]
[ECO "B41"]
[WhiteElo "2476"]
[BlackElo "2148"]
[Annotator "RC"]
[PlyCount "67"]
[EventDate "2024.07.29"]
[EventCountry "ESP"]
[SourceTitle "playchess.com"]
[Source "ChessBase"]
[SourceQuality "1"]
[TimeControl "5400+30"]

1. e4 c5 2. Nf3 e6 3. d4 cxd4 4. Nxd4 a6 5. c4 Nf6 6. Nc3 Bb4 7. Qd3 d5 8. exd5 exd5 9. Be2 O-O 10. O-O Nc6 11. Nxc6 bxc6 12. Rd1 Be6 13. Bg5 Be7 14. Qc2 Qa5 15. cxd5 Nxd5 16. Rxd5 cxd5 17. Bxe7 Rfe8 18. b4 Qc7 19. Bc5 a5 20. Qd2 axb4 21. Bxb4 d4 22. Nb5 Qe5 23. f4 Qf6 24. Bf3 Ra4 25. a3 Rb8 26. Qd1 Ra6 27. Nc7 Rab6 28. Qd2 Rc8 29. Nxe6 fxe6 30. Rd1 d3 31. Qe3 Rb5 32. Rxd3 h6 33. h3 Rf5 34. Bg4 1-0

[Event "48th Ciutat de Badalona Open 2024"]
[Site "Badalona"]
[Date "2024.08.03"]
[Round "2.3"]
[White "Singh, Siddharth"]
[Black "Vitier Vazquez, Cristian"]
[Result "1/2-1/2"]
[ECO "B33"]
[WhiteElo "2130"]
[BlackElo "2357"]
[Annotator "RC"]
[PlyCount "103"]
[EventDate "2024.07.29"]
[EventCountry "ESP"]
[SourceTitle "playchess.com"]
[Source "ChessBase"]
[SourceQuality "1"]
[TimeControl "5400+30"]

1. e4 c5 2. Nf3 e6 3. d4 cxd4 4. Nxd4 Nf6 5. Nc3 Nc6 6. Ndb5 d6 7. Bf4 e5 8. Bg5 a6 9. Na3 b5 10. Nab1 Be7 11. Bxf6 Bxf6 12. a4 b4 13. Nd5 O-O 14. Bc4 Be6 15. O-O Bg5 16. Qd3 a5 17. c3 Rc8 18. Rd1 bxc3 19. Nbxc3 Nb4 20. Qe2 h5 21. h3 g6 22. b3 Nxd5 23. Nxd5 Rc5 24. Rd3 Kg7 25. Rad1 Qb8 26. Kh1 Rd8 27. Qe1 Qb7 28. Bb5 Qa7 29. Bc4 Qb7 30. Bb5 Qa7 31. Bc4 Qb7 32. f3 Qb8 33. Qg3 Bxd5 34. Rxd5 Be3 35. Qe1 Rxd5 36. Rxd5 Bb6 37. Qd2 Qc7 38. Rb5 Rd7 39. Rd5 Bc5 40. f4 exf4 41. Qxf4 Re7 42. Rd1 Bb4 43. Qf3 Qc5 44. Rf1 Qe5 45. Bxf7 Qxe4 46. Qf6+ Kh6 47. h4 Rxf7 48. Qh8+ Rh7 49. Qf8+ Rg7 50. Qh8+ Rh7 51. Qf8+ Rg7 52. Qh8+ 1/2-1/2

[Event "48th Ciutat de Badalona Open 2024"]
[Site "Badalona"]
[Date "2024.08.03"]
[Round "2.4"]
[White "Utsab Chatterjee"]
[Black "Vaibhav Jayant Raut"]
[Result "1/2-1/2"]
[ECO "B46"]
[WhiteElo "2289"]
[BlackElo "2101"]
[Annotator "RC"]
[PlyCount "237"]
[EventDate "2024.07.29"]
[EventCountry "ESP"]
[SourceTitle "playchess.com"]
[Source "ChessBase"]
[SourceQuality "1"]
[TimeControl "5400+30"]

1. e4 c5 2. Nf3 Nc6 3. Bb5 e6 4. O-O Nge7 5. d4 cxd4 6. Nxd4 Ng6 7. Nc3 a6 8. Be2 Be7 9. Be3 O-O 10. f4 b5 11. Nb3 d6 12. Qd2 Bb7 13. a4 b4 14. Na2 a5 15. c3 bxc3 16. Nxc3 Nb4 17. Rad1 Rc8 18. Nd4 d5 19. f5 exf5 20. exd5 f4 21. Bxf4 Nxd5 22. Nxd5 Qxd5 23. Bf3 Qd7 24. Nb3 Qxd2 25. Bxd2 Bxf3 26. Rxf3 Ne5 27. Rc3 Nc4 28. Nxa5 Nxb2 29. Ra1 Bf6 30. Rxc8 Rxc8 31. Ra2 Rd8 32. Be3 Re8 33. Bf2 Re4 34. Nb3 Rxa4 35. Rxa4 Nxa4 36. g3 Nc3 37. Kg2 Be5 38. Kf3 f6 39. Nc5 Kf7 40. h4 h5 41. Nd3 Ke6 42. Nf4+ Bxf4 43. Kxf4 Nd5+ 44. Ke4 g5 45. hxg5 fxg5 46. Ba7 Nf6+ 47. Kf3 Kf5 48. Bb8 Nd5 49. Bd6 g4+ 50. Kf2 Ke4 51. Bc5 Kd3 52. Bd6 Ne3 53. Bf4 Nd1+ 54. Ke1 Nc3 55. Kf2 Kd4 56. Bb8 Ke4 57. Bc7 Nb5 58. Bb8 Kd3 59. Be5 Nd4 60. Bf4 Ke4 61. Bb8 Kd3 62. Bf4 Ne6 63. Be3 Ng7 64. Bh6 Nf5 65. Bf4 Kc2 66. Ke2 Nd4+ 67. Ke1 Nf3+ 68. Ke2 Ng1+ 69. Ke1 Kd3 70. Bh6 Nf3+ 71. Kf2 Nd2 72. Bf4 Ne4+ 73. Ke1 Nc5 74. Kf2 Ne6 75. Be3 Kc2 76. Ke2 Ng7 77. Bh6 Nf5 78. Bf4 Nd4+ 79. Ke1 Kd3 80. Kf2 Nb5 81. Bg5 Ke4 82. Bh6 Nc3 83. Bd2 Nd1+ 84. Ke2 h4 85. gxh4 g3 86. Be1 g2 87. Bf2 Nc3+ 88. Ke1 Kf3 89. Ba7 Ne4 90. Bg1 Ng3 91. Ba7 Nf5 92. Bf2 Nxh4 93. Bg1 Ng6 94. Ba7 Nf4 95. Kd2 Kg3 96. Bb6 Kf3 97. Ba7 Ne2 98. Bb6 Ng3 99. Ba7 Nf1+ 100. Kd3 Nh2 101. Kd2 Ng4 102. Bg1 Ne5 103. Ke1 Nc4 104. Bf2 Ne5 105. Bg1 Ng4 106. Kd2 Nf2 107. Ke1 Ne4 108. Ba7 Kg3 109. Ke2 Kh2 110. Ke1 Nc3 111. Bb6 Kg3 112. Ba7 Kf3 113. Bg1 Nd5 114. Bf2 Nf4 115. Bg1 Nd3+ 116. Kd2 Nf2 117. Ke1 Nh3 118. Ba7 g1=Q+ 119. Bxg1 1/2-1/2

[Event "48th Ciutat de Badalona Open 2024"]
[Site "Badalona"]
[Date "2024.08.03"]
[Round "2.5"]
[White "Huh, Isaak"]
[Black "Pawar, Harshit"]
[Result "0-1"]
[ECO "C11"]
[WhiteElo "2082"]
[BlackElo "2284"]
[Annotator "ChessBase"]
[PlyCount "54"]
[EventDate "2024.07.29"]
[EventCountry "ESP"]
[SourceTitle "playchess.com"]
[Source "ChessBase"]
[SourceQuality "1"]
[TimeControl "5400+30"]

1. e4 e6 2. d4 d5 3. Nc3 Nf6 4. e5 Nfd7 5. f4 c5 6. Nf3 Nc6 7. Be3 Be7 8. dxc5 Nxc5 9. Be2 O-O 10. O-O b6 11. Nb5 Ne4 12. c3 Bc5 13. Nbd4 f5 14. exf6 Qxf6 15. Qd3 Bb7 16. Nxc6 Ba6 17. Qxa6 Bxe3+ 18. Kh1 Qh6 19. Nh4 Qxh4 20. Rf3 Bxf4 21. h3 Bd6 22. Nd4 Rxf3 23. Nxf3 Qf2 24. Bd3 Ng3+ 25. Kh2 Rf8 26. Nd4 Ne2+ 27. Kh1 Qf1+ 0-1

[Event "48th Ciutat de Badalona Open 2024"]
[Site "Badalona"]
[Date "2024.08.03"]
[Round "2.6"]
[White "Chavez Suarez, Carlos Alberto"]
[Black "Deepak Ambattu, Rithvik"]
[Result "1-0"]
[ECO "D78"]
[WhiteElo "2279"]
[BlackElo "2079"]
[Annotator "RC"]
[PlyCount "83"]
[EventDate "2024.07.29"]
[EventCountry "ESP"]
[SourceTitle "playchess.com"]
[Source "ChessBase"]
[SourceQuality "1"]
[TimeControl "5400+30"]

1. d4 Nf6 2. Nf3 g6 3. g3 Bg7 4. Bg2 O-O 5. c4 c6 6. O-O d5 7. Nbd2 a5 8. b3 Bf5 9. Bb2 Nbd7 10. Nh4 Be6 11. e4 dxe4 12. Nxe4 Nxe4 13. Bxe4 a4 14. Qc2 axb3 15. axb3 Qb6 16. Nf3 Bg4 17. Ne5 Nxe5 18. dxe5 Qc5 19. Qc3 Rxa1 20. Rxa1 f5 21. Bg2 f4 22. b4 Qb6 23. c5 Qd8 24. Qc4+ Kh8 25. gxf4 Bh6 26. b5 Qc8 27. bxc6 bxc6 28. Qe4 Qb7 29. Bc3 Bxf4 30. e6+ Kg8 31. Qd4 Rf6 32. Qd7 Qxd7 33. exd7 Rf8 34. Bxc6 Rd8 35. Ra7 Rb8 36. Ba5 Rb1+ 37. Kg2 Rd1 38. d8=Q+ Rxd8 39. Bxd8 e5 40. Bd5+ Kf8 41. Bf6 Ke8 42. c6 1-0

[Event "48th Ciutat de Badalona Open 2024"]
[Site "Badalona"]
[Date "2024.08.03"]
[Round "2.7"]
[White "Marabajan Navas, Saul"]
[Black "Nagare Kaivalya Sandip"]
[Result "0-1"]
[ECO "E49"]
[WhiteElo "2077"]
[BlackElo "2273"]
[Annotator "RC"]
[PlyCount "102"]
[EventDate "2024.07.29"]
[EventCountry "ESP"]
[SourceTitle "playchess.com"]
[Source "ChessBase"]
[SourceQuality "1"]
[TimeControl "5400+30"]

1. d4 Nf6 2. c4 e6 3. Nc3 Bb4 4. e3 O-O 5. Bd3 d5 6. a3 Bxc3+ 7. bxc3 c5 8. Ne2 Qc7 9. cxd5 exd5 10. O-O b6 11. f3 Bb7 12. Ng3 Re8 13. Ra2 Nc6 14. Raf2 Rad8 15. Qd2 Na5 16. Qb2 Rd7 17. Re1 Rde7 18. Rfe2 cxd4 19. cxd4 Nc4 20. Qb1 Nd6 21. a4 Re6 22. Bb2 h5 23. Nh1 Bc6 24. Nf2 Qb7 25. Qc2 b5 26. axb5 Bxb5 27. Bxb5 Qxb5 28. Nd3 Nc4 29. Bc1 Rc6 30. Qd1 Rd8 31. h3 a5 32. g4 a4 33. Nf4 a3 34. Qd3 Ra8 35. Ra2 Rb6 36. g5 Nd7 37. Nxh5 Qb1 38. Qxb1 Rxb1 39. Kf2 Nb2 40. Bxb2 Rxb2+ 41. Re2 Rb3 42. Nf4 Nb6 43. Rec2 Re8 44. Re2 Rc8 45. g6 fxg6 46. Nxg6 Rc1 47. Ne5 Na4 48. Nd7 Nc3 49. Nc5 Rb2 50. Nd3 Rxe2+ 51. Rxe2 Nxe2 0-1

[Event "48th Ciutat de Badalona Open 2024"]
[Site "Badalona"]
[Date "2024.08.03"]
[Round "2.8"]
[White "Blasco Coll, Andreu"]
[Black "Sviridenko, Yaroslav"]
[Result "1/2-1/2"]
[ECO "C02"]
[WhiteElo "2260"]
[BlackElo "2076"]
[Annotator "RC"]
[PlyCount "127"]
[EventDate "2024.07.29"]
[EventCountry "ESP"]
[SourceTitle "playchess.com"]
[Source "ChessBase"]
[SourceQuality "1"]
[TimeControl "5400+30"]

1. e4 e6 2. d4 d5 3. e5 c5 4. c3 Nc6 5. Nf3 Nge7 6. Na3 Bd7 7. Be2 Nf5 8. Nc2 Be7 9. O-O O-O 10. Re1 b5 11. dxc5 Bxc5 12. b4 Be7 13. Bd3 a5 14. a3 g6 15. Bxf5 gxf5 16. Bh6 Re8 17. Ncd4 Nxd4 18. Nxd4 Bg5 19. Bxg5 Qxg5 20. Qd3 Rec8 21. Nb3 axb4 22. axb4 Rxa1 23. Rxa1 Rc4 24. Nd4 f4 25. Nf3 Qg6 26. Qxg6+ hxg6 27. Ra3 Kf8 28. Nd2 Rc7 29. g3 fxg3 30. hxg3 Ke7 31. f4 f6 32. Nf3 fxe5 33. fxe5 Rc4 34. Nd4 g5 35. Kf2 Rc7 36. Ke2 Kf7 37. Kd2 Kg6 38. g4 Kf7 39. Ra8 Be8 40. Kc2 Ke7 41. Ra6 Bd7 42. Kb3 Rb7 43. Ra8 Be8 44. Nf3 Rc7 45. Nd4 Rc4 46. Rb8 Rxd4 47. cxd4 Kf7 48. Rb7+ Kg8 49. Kc3 Kf8 50. Rh7 Kg8 51. Re7 Bf7 52. Rb7 Be8 53. Rb6 Kf7 54. Kd2 Ke7 55. Ra6 Kf7 56. Ra1 Kg8 57. Ke3 Kf7 58. Rf1+ Kg7 59. Rf6 Bf7 60. Kf3 Kg8 61. Kg3 Kg7 62. Rf2 Kg8 63. Ra2 Be8 64. Ra8 1/2-1/2

[Event "48th Ciutat de Badalona Open 2024"]
[Site "Badalona"]
[Date "2024.08.03"]
[Round "2.10"]
[White "Daimiel Bescos, Eleuterio"]
[Black "Roig Martinez, Salvador"]
[Result "1-0"]
[ECO "B33"]
[WhiteElo "1895"]
[BlackElo "1756"]
[Annotator "NA RC"]
[PlyCount "91"]
[EventDate "2024.07.29"]
[EventCountry "ESP"]
[SourceTitle "playchess.com"]
[Source "ChessBase"]
[SourceQuality "1"]
[TimeControl "5400+30"]

1. e4 c5 2. Nf3 Nc6 3. d4 cxd4 4. Nxd4 e5 5. Nb5 d6 6. a4 a6 7. N5a3 Nf6 8. Nc3 Be7 9. Bc4 Be6 10. O-O O-O 11. Be3 Na5 12. Ba2 Bxa2 13. Rxa2 Rc8 14. Qd3 Nc6 15. Raa1 Qc7 16. Rad1 Rfd8 17. Qe2 Nb4 18. Bg5 Ne8 19. Bxe7 Qxe7 20. Rd2 Qe6 21. Rfd1 Nf6 22. Qe3 Rc6 23. Nd5 a5 24. c3 Na6 25. b4 axb4 26. cxb4 Rcc8 27. b5 Nc5 28. Nb6 Ncxe4 29. Rd3 Nc5 30. R3d2 Nce4 31. Rd3 Rb8 32. a5 Qe7 33. Nac4 Nc5 34. Rxd6 Rxd6 35. Rxd6 Ncd7 36. h3 h6 37. Nxd7 Nxd7 38. Qe4 Nc5 39. Qxe5 Qxe5 40. Nxe5 Nb3 41. a6 bxa6 42. bxa6 Nc5 43. a7 Ra8 44. Nc6 Ne6 45. Rd7 Kf8 46. Rb7 1-0

[Event "48th Ciutat de Badalona Open 2024"]
[Site "Badalona"]
[Date "2024.08.04"]
[Round "3.1"]
[White "Iglesias Romero, Jorge"]
[Black "Berdayes Ason, Dylan Isidro"]
[Result "0-1"]
[ECO "D00"]
[WhiteElo "2271"]
[BlackElo "2476"]
[Annotator "RC"]
[PlyCount "70"]
[EventDate "2024.07.29"]
[EventCountry "ESP"]
[SourceTitle "playchess.com"]
[Source "ChessBase"]
[SourceQuality "1"]
[TimeControl "5400+30"]

1. d4 Nf6 2. Bf4 d5 3. e3 c5 4. c3 Nc6 5. Nd2 Bf5 6. Qb3 Qd7 7. Ngf3 c4 8. Qd1 e6 9. Nh4 Bg4 10. Qc2 Rc8 11. h3 Bh5 12. g4 Bg6 13. Nxg6 hxg6 14. Bg2 Bd6 15. Bxd6 Qxd6 16. e4 Qf4 17. e5 Nd7 18. Nf3 b5 19. Qd2 Qxd2+ 20. Kxd2 f6 21. exf6 gxf6 22. Rae1 Ke7 23. h4 Kd6 24. g5 Rcf8 25. Bh3 f5 26. Bg2 e5 27. h5 gxh5 28. Nh4 Rhg8 29. g6 exd4 30. Bh3 Nde5 31. Rhg1 dxc3+ 32. bxc3 Ne7 33. Rg5 N5xg6 34. Rxh5 Nxh4 35. Rxh4 Rh8 0-1